AoeStats
← Termotanque de ñoquis

Arabia

509744670Analyzed
1v1 RM · 5d ago on Sep 27, 2026· 17m 25s· 2 players
Game mode
Random Map
Map size
Tiny (2 player)
Population
200
Speed
Normal
Resources
Standard
Victory
Conquest
Starting age
Dark Age
Ending age
Imperial Age
RankedLock teamsTeams togetherTeam positionsShared explorationLock speedFull tech treeHidden civsTurbo modeCheats
Victory
Defeat
🇦🇷 Maya · Argentina
662
+16
🇮🇹 Teutons · Italy
666
-35
Termotanque de ñoquis
6:48 Loom
10:12 Feudal Age
11:04 Double-Bit Axe
11:14 Horse Collar
16:18 Fletching
max.picozzi
10:56 Feudal Age
11:51 Double-Bit Axe
12:01 Stone Mining
12:01 Gold Mining
16:42 Horse Collar
Connection lost

Rejoining the realm…

Still unreachable

The connection could not be restored.

Session expired

The server has moved on; the page needs a fresh start.